 Dungeon Crawl Stone Soup version 0.30-a0-779-g7971cf19c3 (webtiles) character file.

Game seed: 8240695761850461815

15465 AzureAlchemist the Changer (level 11, -4/74 HPs)
             Began as a Demigod Earth Elementalist on Feb 16, 2023.
             Engulfed by a cloud of flame (23 damage)
             ... on level 2 of the Lair of Beasts on Feb 17, 2023.
             The game lasted 01:18:25 (16199 turns).

AzureAlchemist the Changer (DgEE)                  Turns: 16199, Time: 01:18:26

Health: -4/74      AC:  8    Str: 11    XL:     11   Next: 69%
Magic:  8/25       EV: 18    Int: 29    God:
Gold:   708        SH:  0    Dex: 14    Spells: 7/24 levels left

rFire   . . .      SeeInvis .    a - +2 dagger (venom)
rCold   + . .      Faith    .    (no shield)
rNeg    + . .      Spirit   .    V - +1 leather armour "Hinyka" {rC+ Will+ Str+2}
rPois   .          Reflect  .    v - +0 helmet
rElec   +          Harm     .    o - +0 cloak
rCorr   +          Rampage  .    p - +0 pair of gloves
Will    ++...                    f - +0 pair of boots
Stlth   ++++                     (no amulet)
HPRegen 0.32/turn                M - ring of the Hippo {rElec rN+ rCorr EV+5 Stlth+}
MPRegen 0.19/turn                J - +4 ring of slaying

@: no status effects
A: high MP 1, forlorn, divine attributes
a: no special abilities


You were on level 2 of the Lair of Beasts.
You visited 2 branches of the dungeon, and saw 10 of its levels.
You also visited: Sewer, Ossuary and Bailey.

You collected 708 gold pieces.

Inventory:

Hand Weapons
 a - a +2 dagger of venom (weapon)
 P - a +4 scimitar of flaming
Missiles
 L - 28 boomerangs
 N - a curare-tipped dart
 X - 8 poisoned darts (quivered)
Armour
 f - a +0 pair of boots (worn)
 o - a +0 cloak (worn)
 p - a +0 pair of gloves (worn)
 r - the +4 ring mail "Sufuv" {rN+}
   (You found it on level 3 of the Dungeon)

   rN:        It protects you from negative energy.
 s - a +0 buckler
 v - a +0 helmet (worn)
 H - +0 fire dragon scales
 V - the +1 leather armour "Hinyka" (worn) {rC+ Will+ Str+2}
   (You found it on level 2 of the Lair of Beasts)

   Str:       It affects your strength (+2).
   rC:        It protects you from cold.
   Will:      It increases your willpower.
Magical Staves
 c - a staff of earth
 R - a staff of air
Jewellery
 d - a ring of willpower
 i - a ring of see invisible
 J - a +4 ring of slaying (right hand)
 M - the ring of the Hippo (left hand) {rElec rN+ rCorr EV+5 Stlth+}
   (You acquired it in a bailey)

   [ring of evasion]

   EV:        It affects your evasion (+5).
   rElec:     It insulates you from electricity.
   rN:        It protects you from negative energy.
   rCorr:     It protects you from acid and corrosion.
   Stlth:     It makes you more stealthy.
 S - a ring of resist corrosion
 Y - a ring of protection from cold
Wands
 e - a wand of mindburst (13)
 m - a wand of flame (17)
 q - a wand of polymorph (21)
 A - a wand of light (6)
 D - a wand of paralysis (13)
Scrolls
 h - 3 scrolls of vulnerability
 n - 8 scrolls of teleportation
 u - 2 scrolls of fog
 x - a scroll of brand weapon
 y - 2 scrolls of silence
 E - a scroll of poison
 F - a scroll of immolation
 G - a scroll of magic mapping
 I - 2 scrolls of amnesia
 K - a scroll of enchant weapon
 T - a scroll of fear {unknown}
Potions
 b - 2 potions of magic
 g - 3 potions of heal wounds
 j - 4 potions of invisibility {unknown}
 k - 3 potions of brilliance {unknown}
 l - 5 potions of mutation
 t - 9 potions of flight
 w - a potion of attraction {unknown}
 z - a potion of berserk rage {unknown}
 B - 2 potions of haste {unknown}
 C - 2 potions of might {unknown}
 O - 2 potions of lignification {unknown}
 Q - 11 potions of curing
 U - a potion of experience {unknown}
 W - a potion of degeneration {unknown}


   Skills:
 - Level 7.0 Short Blades
 + Level 5.3 Dodging
 - Level 7.0 Stealth
 - Level 7.0 Spellcasting
 + Level 5.3 Conjurations
 - Level 3.0 Hexes
 - Level 7.0 Transmutations
 + Level 5.3 Fire Magic
 - Level 7.0 Earth Magic


You had 7 spell levels left.
You knew the following spells:

 Your Spells              Type           Power      Damage    Failure   Level
a - Sandblast             Erth           100%       2d20      1%          1
b - Passwall              Tmut/Erth      41%        N/A       1%          2
c - Stone Arrow           Conj/Erth      90%        3d12      1%          3
d - Petrify               Tmut/Erth      50%        N/A       3%          4
e - Inner Flame           Hex/Fire       34%        N/A       3%          3
f - Flame Wave            Conj/Fire      41%        2d11      8%          4

Your spell library contained the following spells:

 Spells                   Type           Power      Damage    Failure   Level
 Wereblood                Tmut           50%        N/A       1%          2
 Dazzling Flash           Conj/Hex       68%        N/A       3%          3
 Tukima's Dance           Hex            27%        N/A       6%          3
 Apportation              Tloc           20%        N/A       7%          1
 Summon Small Mammal      Summ           40%        N/A       7%          1
 Sticky Flame             Conj/Fire      41%        2d6       8%          4
 Lesser Beckoning         Tloc           20%        N/A       10%         2
 Sublimation of Blood     Necr           10%        N/A       10%         2
 Portal Projectile        Hex/Tloc       36%        N/A       11%         3
 Blade Hands              Tmut           25%        N/A       11%         5
 Gell's Gravitas          Tloc           10%        N/A       21%         3
 Teleport Other           Tloc           10%        N/A       21%         3
 Iskenderun's Mystic Bla  Conj/Tloc      25%        2d7       22%         4
 Alistair's Intoxication  Tmut/Pois      20%        N/A       41%         5
 Summon Mana Viper        Hex/Summ       18%        N/A       69%         5
 Starburst                Conj/Fire      20%        6d7       75%         6
 Summon Cactus Giant      Summ           5%         N/A       100%        6
 Summon Hydra             Summ           5%         N/A       100%        7
 Summon Horrible Things   Summ           5%         N/A       100%        8


Dungeon Overview and Level Annotations

Branches:
Dungeon (8/15)             Temple (0/1) D:4            Lair (2/5) D:8
  Sewer (visited)         Ossuary (visited)          Bailey (visited)
  Swamp: Lair:2-3    Shoals: Lair:2-3     Snake: Lair:2-3    Spider: Lair:2-3

Shops:
D:5 *   D:7 :

Annotations:
D:7 2 runed translucent doors, exclusion: 2 doors, asti's ghost, novice MiBe
Lair:1 1 runed translucent door, exclusion: door


Innate Abilities, Weirdness & Mutations

You have an increased reservoir of magic. (+10% MP)
You shall have no god before yourself.
Your divine heritage dramatically boosts your attributes as you level up.


Message History

The yak explodes!
The fiery explosion engulfs the fungus!
The fungus begins to die.
The fungus is lightly damaged.
Unknown command.
Unknown command.
Unknown command.
Casting: Passwall (safe; 1% risk of failure)
Confirm with . or Enter, or press ? or * to list all spells.
Aiming: Passwall (safe; 1% risk of failure)
Press: ? - help, Dir - move target, f - you Please select a wall.
Okay, then.
Unknown command.
Casting: Passwall (safe; 1% risk of failure)
Confirm with . or Enter, or press ? or * to list all spells.
Aiming: Passwall (safe; 1% risk of failure)
Press: ? - help, Dir - move target, f - you Please select a wall.
Okay, then.
Casting: Passwall (safe; 1% risk of failure)
Confirm with . or Enter, or press ? or * to list all spells.
Aiming: Passwall (safe; 1% risk of failure)
Press: ? - help, Dir - move target A rock wall.
The fungus is engulfed in blazing flames.
The yak is engulfed in blazing flames.
The yak explodes!
The fiery explosion engulfs the fungus!!
The fungus is moderately damaged.
The fiery explosion engulfs you!!
The fiery explosion engulfs the yak!!
The yak is almost dead.
The yak is engulfed in blazing flames.
You kill the yak!
You begin to meditate on the wall.
You continue meditating on the rock.
You are engulfed in blazing flames.
* * * LOW HITPOINT WARNING * * *
The fungus is engulfed in blazing flames.
You continue meditating on the rock.
You are engulfed in blazing flames.
You die...

.####♣♣~##### ..##~~≈~~##~##
##.♣♣P≈P~P~#.## #.
##.PPP~~~P~##.## .## ## ..
##.P.....♣##...# ..# .# #
P..P.........#.# #.# ..# #..#.
..........#...## #.###..# #..
#.........#P..####§.#.#.# ###..##
##....#####....#@§§§..#.###.#...#
##..#######...##P§.Y....>........
#...###...##...>§§...............
................§.§..###....#...#
PP#....###.##.........##...P##...
####..P.#.#...........##....##...
##.....(.......###......#.###..
###..#...#.......###.......##....
.##P..#..##..#...##....#.........


You could see a yak.

Vanquished Creatures
  An orc warlord (Bailey)
  A hydra (Lair:2)
  2 gargoyles (D:8)
  4 cane toads
  Maggie (Lair:2)
  A komodo dragon (Lair:2)
  An efreet (D:8)
  A troll (D:8)
  5 blink frogs (Lair:2)
  A shadow (D:8)
  2 wyverns
  3 wraiths
  32 yaks
  5 steam dragons
  A basilisk (Lair:1)
  5 water moccasins
  4 black bears
  5 orc warriors
  2 ice beasts
  2 ogres (D:5)
  A centaur (D:6)
  A kobold brigand (D:8)
  5 bullfrogs
  2 scorpions (D:5)
  10 wights
  5 killer bees (D:8)
  2 electric eels (Lair:1)
  A hound (D:6)
  A jelly (D:6)
  7 orc priests
  2 iguanas
  8 orc wizards
  A malarious merfolk avatar (Sewer)
  A sickly merfolk siren (Sewer)
  Robin (D:3)
  5 gnolls
  8 adders
  3 river rats
  3 white imps
  An adder zombie (Ossuary)
  2 worms
  2 dart slugs
  53 orcs
  7 bats
  3 endoplasms
  3 giant cockroaches
  19 goblins
  18 hobgoblins
  4 jackals (D:2)
  21 kobolds
  9 quokkas
  7 ball pythons
  4 ball python skeletons (Ossuary)
  15 frilled lizards
  2 hobgoblin skeletons (Ossuary)
  An orc skeleton (Ossuary)
  2 orc zombies (Ossuary)
  26 rats
345 creatures vanquished.

Vanquished Creatures (others)
  20 fungi
  12 plants
32 creatures vanquished.

Grand Total: 377 creatures vanquished

Notes
Turn   | Place    | Note
-------+----------+-------------------------------------------
     0 | D:1      | AzureAlchemist the Demigod Earth Elementalist began the
                  | quest for the Orb.
     0 | D:1      | Reached XP level 1. HP: 14/14 MP: 5/5
   267 | D:1      | Reached XP level 2. HP: 20/20 MP: 5/8
   437 | D:1      | Learned a level 2 spell: Passwall
  1155 | D:2      | Reached XP level 3. HP: 26/26 MP: 5/10
  1159 | D:2      | Learned a level 3 spell: Stone Arrow
  1432 | D:2      | Reached skill level 1 in Conjurations
  1875 | D:3      | Identified the +4 ring mail "Sufuv" {rN+}
  1938 | D:3      | Found a glowing drain.
  1948 | D:3      | Reached XP level 4. HP: 23/33 MP: 0/11
  2036 | Sewer    | Entered a sewer
  2679 | Sewer    | Reached XP level 5. HP: 38/38 MP: 5/12
  3208 | D:3      | Noticed Robin
  3299 | D:3      | Killed Robin
  3838 | D:4      | Found a staircase to the Ecumenical Temple.
  4535 | D:4      | Reached XP level 6. HP: 45/45 MP: 9/13
  4890 | D:5      | Entered Level 5 of the Dungeon
  4890 | D:5      | Found Fibbanoi's Assorted Antiques.
  5056 | D:5      | Reached skill level 1 in Transmutations
  5061 | D:5      | Learned a level 4 spell: Petrify
  5232 | D:5      | Noticed a water moccasin
  5241 | D:5      | Killed a water moccasin
  5242 | D:5      | Reached XP level 7. HP: 39/50 MP: 2/16
  6232 | D:5      | Reached skill level 5 in Transmutations
  6232 | D:5      | Reached skill level 5 in Earth Magic
  6325 | D:6      | Reached XP level 8. HP: 57/57 MP: 11/17
  6548 | D:6      | Found a sand-covered staircase.
  6553 | Ossuary  | Entered an ossuary
  8200 | D:6      | Reached skill level 1 in Short Blades
  8200 | D:6      | Reached XP level 9. HP: 25/62 MP: 6/18
  8402 | D:7      | Learned a level 3 spell: Inner Flame
  8451 | D:7      | Reached skill level 1 in Hexes
  8451 | D:7      | Reached skill level 1 in Fire Magic
  8601 | D:7      | Found Yqepoera's Vocational Training.
  9922 | D:7      | Found a large runed translucent door.
  9922 | D:7      | Found a large runed translucent door.
  9923 | D:7      | Noticed asti's ghost (novice MiBe)
 10064 | D:8      | Noticed a gargoyle
 10069 | D:8      | Killed a gargoyle
 10070 | D:8      | Reached skill level 5 in Short Blades
 10135 | D:8      | Found a flagged portal.
 10150 | Bailey   | Entered a bailey
 10159 | Bailey   | Noticed an orc warlord
 10492 | Bailey   | Reached XP level 10. HP: 69/69 MP: 14/19
 10555 | Bailey   | Found a runed translucent gate.
 10564 | Bailey   | Acquired a +4 ring of slaying
 10574 | Bailey   | Found a runed translucent gate.
 10575 | Bailey   | Found a runed translucent gate.
 11032 | Bailey   | Killed an orc warlord
 11033 | Bailey   | Reached skill level 5 in Stealth
 11191 | Bailey   | Identified the +1 great sword "Voilesh" {pain, rPois MP-9
                  | Str+8 Int-5}
 11203 | Bailey   | Acquired the ring of the Hippo {rElec rN+ rCorr EV+5
                  | Stlth+}
 11231 | D:8      | Got Asmodeus's Excursus on Creation
 11713 | D:8      | Found a staircase to the Lair.
 11999 | D:8      | Identified the +5 whip of Satsack {elec, Str+5 Dex-3}
 12000 | D:8      | Upgraded the game from 0.30-a0-778-g2ef04afb54 to
                  | 0.30-a0-779-g7971cf19c3
 12105 | D:8      | Reached skill level 5 in Spellcasting
 12723 | Lair:1   | Entered Level 1 of the Lair of Beasts
 12735 | Lair:1   | Found a runed translucent door.
 13051 | Lair:1   | Reached XP level 11. HP: 74/74 MP: 17/24
 14010 | Lair:2   | Learned a level 4 spell: Flame Wave
 14432 | Lair:2   | Identified the +1 leather armour "Hinyka" {rC+ Will+ Str+2}
 14980 | Lair:2   | Noticed a four-headed hydra
 14999 | Lair:2   | Killed a four-headed hydra
 15000 | Lair:2   | Reached skill level 5 in Dodging
 15000 | Lair:2   | Reached skill level 5 in Conjurations
 15000 | Lair:2   | Reached skill level 5 in Fire Magic
 15574 | Lair:2   | Noticed Maggie
 15585 | Lair:2   | Killed Maggie
 16199 | Lair:2   | Engulfed by a cloud of flame

Illustrated notes

Levels and vault maps discovered:
D:1:      dpeg_arrival_simpleton_b, layout_basic,
          shapermc_ecumenical_altar_mp_urbaneastern, minivault_5
D:2:      layout_rooms
D:3:      layout_basic, bloody_makhleb, portal_sewer_entry_a,
          hangedman_decor_slide_cut, minmay_misc_feat_square,
          minmay_misc_feat_more_columns, uniq_robin
D:4:      layout_loops_ring, mainiacjoe_overflow_alcove_4,
          mainiacjoe_overflow_big_doors, minmay_temple_entry_antechambers,
          kennysheep_generic_room_2
D:5:      layout_gridville, old_standard_altar, serial_shops,
          nicolae_stop_n_shop_2
D:6:      layout_layer_cave, mainiacjoe_overflow_alcove_2,
          kennysheep_little_box, enter_ossuary_2, dreamdust_wishing_well
D:7:      layout_layer_cave, ebering_ghost_disaster_area, chequers_garden,
          nicolae_shop_vocational
D:8:      minmay_tri_box, layout_loops_ring, david_lair_generic, enter_bailey_4,
          grunt_decor_resistance
Lair:1:   gammafunk_indiana_jones, layout_regular_city, basic_altar,
          serial_bayou_lagoon_b
Lair:2:   layout_layer_cave, basic_altar, beast_lair_carwin_3,
          serial_bayou_shore_b, grunt_megastairs_1, uniq_maggie

Skill      XL: |  1  2  3  4  5  6  7  8  9 10 11 |
---------------+----------------------------------+-----
Spellcasting   | 2 3 4 6 7 |  7.0
Conjurations   | 2 3 4 5 |  5.3
Earth Magic    | 3 4 5 7 |  7.0
Transmutations | 3 5 7 |  7.0
Short Blades   | 1 5 7 |  7.0
Stealth        | 2 4 7 |  7.0
Hexes          | 3 |  3.0
Fire Magic     | 3 5 |  5.3
Dodging        | 5 |  5.3

Action                     |  1- 3 |  4- 6 |  7- 9 | 10-12 || total
---------------------------+-------+-------+-------+-------++-------
  Melee: Dagger            |     1 |    12 |    68 |    76 ||   157
         Punch             |       |       |     1 |       ||     1
         Staff             |       |       |       |     3 ||     3
   Cast: Sandblast         |    83 |   131 |   144 |    17 ||   375
         Stone Arrow       |     1 |     8 |    48 |    22 ||    79
         Passwall          |     1 |       |     1 |     3 ||     5
         Petrify           |       |       |    16 |    36 ||    52
         Inner Flame       |       |       |    15 |    40 ||    55
         Flame Wave        |       |       |       |     1 ||     1
  Evoke: Wand              |       |       |     5 |       ||     5
    Use: Scroll            |     3 |    10 |     3 |     5 ||    21
   Stab: Sleeping          |       |     1 |       |     1 ||     2
         Petrified         |       |       |    37 |    35 ||    72
         Petrifying        |       |       |     2 |       ||     2
 Armour: Robe              |     5 |    17 |    23 |       ||    45
         Steam dragon scal |       |       |    11 |    10 ||    21
         Leather armour    |       |       |       |     1 ||     1
  Dodge: Dodged            |    21 |    27 |    69 |    47 ||   164

Table legend: (Time is in decaauts)
 A = Elapsed time spent in this place.
 B = Non-inter-level travel time spent in this place.
 C = Inter-level travel time spent in this place.
 D = Time resting spent in this place.
 E = Time spent auto-exploring this place.
 F = Levels seen in this place.
 G = Mean time per level.
                   A        B        C        D        E       F      G
               +--------+--------+--------+--------+--------+-----+--------+
         Total |  16456 |  15629 |    827 |   3541 |   8595 |  13 | 1265.8 |
       Dungeon |  10511 |   9788 |    723 |   1823 |   5985 |   8 | 1313.9 |
          Lair |   3091 |   2988 |    103 |    504 |   1960 |   2 | 1545.5 |
         Sewer |    988 |    988 |      0 |    333 |    298 |   1 |  988.0 |
       Ossuary |    778 |    778 |      0 |    378 |    178 |   1 |  778.0 |
        Bailey |   1085 |   1085 |      0 |    503 |    172 |   1 | 1085.0 |
               +--------+--------+--------+--------+--------+-----+--------+

Top non-repeatable levels by time:
     D:8: 1793 daAuts
  Lair:2: 1767 daAuts
     D:7: 1648 daAuts
     D:6: 1442 daAuts
  Lair:1: 1324 daAuts
     D:5: 1293 daAuts
     D:4: 1274 daAuts
     D:3: 1194 daAuts
  Bailey: 1085 daAuts
     D:1: 1054 daAuts
   Sewer: 988 daAuts
     D:2: 811 daAuts
 Ossuary: 778 daAuts
